 Dungeon Crawl Stone Soup version 0.28-a0-1510-gd0f6b136d3 (webtiles) character file.

Game seed: 1798427404009285587

7 spiderkeys the Ducker (level 1, -8/10 HPs)
             Began as a Felid Abyssal Knight on Jan 15, 2022.
             Was a Follower of Lugonu.
             Mangled by a gnoll (11 damage)
             ... on level 1 of the Dungeon.
             The game lasted 00:00:29 (131 turns).

spiderkeys the Ducker (Felid Abyssal Knight)         Turns: 131, Time: 00:00:30

Health: -8/10      AC:  1    Str: 15    XL:     1   Next: 83%
Magic:  3/3        EV: 18    Int: 11    God:    Lugonu [*.....]
Gold:   0          SH:  0    Dex: 16    Spells: 0/0 levels left
                                        Lives:  0   Deaths: 0

rFire   . . .      SeeInvis +     - Unarmed
rCold   . . .      Faith    .   (shield unavailable)
rNeg    . . .      Spirit   .   (armour unavailable)
rPois   .          Reflect  .   (helmet unavailable)
rElec   .          Harm     .   (cloak unavailable)
rCorr   .          Rampage  .   (gloves unavailable)
Will    .....                   (boots unavailable)
Stlth   ++........              (no amulet)
HPRegen 0.03/turn               S - +6 ring of strength
MPRegen 0.08/turn               (no ring)

@: quick
A: very small, claws 1, fangs 3, see invisible, speed 1, shaggy fur 1, stealthy
paws, no weapons or thrown items, no armour, multi-lived
a: Renounce Religion, Depart the Abyss


You were on level 1 of the Dungeon.
You worshipped Lugonu.
Lugonu was aware of your devotion.
You visited 1 branch of the dungeon, and saw 1 of its levels.
You visited the Abyss 1 time.


Innate Abilities, Weirdness & Mutations

You have sharp claws.
You have razor-sharp teeth.
You have supernaturally acute eyesight. (SInv)
You cover ground quickly. (Speed+)
You are covered in fur. (AC +1)
Your paws help you pounce on unaware monsters.
You are incapable of wielding weapons or throwing items.
You cannot wear armour.
You gain extra lives every three experience levels.


   Skills:
 + Level 3.1 Fighting
 + Level 3.3 Dodging
 + Level 0.8 Stealth
 + Level 2.1 Unarmed Combat
 + Level 0.3 Spellcasting
 - Level 1.7 Invocations


You couldn't memorise any spells.
You didn't know any spells.
Your spell library was empty.

Inventory:

Jewellery
 S - a +6 ring of strength (left paw)
   (You found it on level 1 of the Dungeon)

Dungeon Overview and Level Annotations

Branches:
Dungeon (1/15)

Altars:

#...#######.#
#...###..
###..........
#.......
..........#
###.<.##
....>.....#
##.......
..........#
###...###..
###...###.#
##...### ###
#...
#.#####.#### #
#.. #g#....##
### #@#.####
#.#.# #.#.#
###.#.#
#.....##
#.###..######..
#.# #.#........
#.###[.######..
#..............


You could see a gnoll.


Message History

🤖 Initializing magus.rc ...
Options error: Bad monster_list_colour key: strict_neutral (~/.crawlrc:4999) ✅ Successfully initialized magus.rc [v1.9.10] Welcome, spiderkeys the Felid Abyssal Knight.
Everyone else who sought the Orb of Zot has failed.
Will you be different?
Lugonu says: Depart the Abyss and spread corruption, my servant! (use the ability menu to exit the Abyss) Press ? for a list of commands and other information.
Found a corrupted altar of Lugonu.
You enter the shallow water.
Moving in this stuff is going to be slow.
You enter the shallow water.
Moving in this stuff is going to be slow.
Found a gateway leading out of the Abyss.
There is a gateway leading out of the Abyss here.
You pass through the gate.
There is a staircase leading out of the dungeon here.
You see here 12 stones.
A dart slug comes into view.
A dart slug is nearby!
A dart slug is nearby!
The helpless dart slug fails to defend itself.
You scratch the dart slug. The dart slug misses you.
You scratch the dart slug. The dart slug launches a dart at you.
The slug dart misses you.
You scratch the dart slug.
You kill the dart slug!
Lugonu accepts your kill.
Key pressed, stopping explore.
S - a +6 ring of strength No target in view!
You can't wear anything.
You feel stronger.
S - a +6 ring of strength (left paw) Key pressed, stopping explore.
A hobgoblin and a gnoll come into view.
There are monsters nearby!
Found a stone staircase leading down.
The gnoll shouts!
A ball python comes into view.
The ball python hisses angrily.
The hobgoblin shouts!
You hear an angry hiss.
A ball python comes into view.
The ball python hisses angrily.
The hobgoblin closely misses you.
You scratch the gnoll but do no damage. The hobgoblin hits you.
The gnoll misses you. 😕 HP[-2]
You take 2 damage, and now have 8/10 hp.
You scratch the gnoll but do no damage. The hobgoblin closely misses you.
The gnoll barely misses you.
You closely miss the gnoll. The hobgoblin hits you.
Ouch! That really hurt!
* * * LOW HITPOINT WARNING * * *
The ball python misses you. The ball python closely misses you.
The ball python misses you. The ball python grabs you.
The ball python constricts you.
* * * LOW HITPOINT WARNING * * *
The gnoll closely misses you. 😱 HP[-6]
You take 6 damage, and now have 2/10 hp.
MASSIVE DAMAGE!! (PAUSE)
You escape the ball python's grasp. 😨 HP[+1]
You scratch the ball python.
You kill the ball python!
Lugonu accepts your kill.
You claw the ball python!
You kill the ball python!
Lugonu accepts your kill. The hobgoblin misses you.
You scratch the hobgoblin but do no damage.
The hobgoblin barely misses you.
You scratch the hobgoblin. The hobgoblin barely misses you.
You scratch the hobgoblin but do no damage.
The hobgoblin closely misses you.
You scratch the hobgoblin.
You kill the hobgoblin!
Lugonu accepts your kill.
You scratch the gnoll but do no damage. The gnoll hits you with a +0 flail!
Ouch! That really hurt!
You die...

Action                   || total
-------------------------++-------
Melee: Unarmed           ||    13
 Stab: Sleeping          ||     1
Dodge: Dodged            ||    14

Levels and vault maps discovered:
D:1:      dpeg_arrival_simpleton_a, layout_loops_ring,
          ebering_ecumenical_altar_box

Notes
Turn   | Place    | Note
-------+----------+-------------------------------------------
     0 | Abyss:1  | spiderkeys the Felid Abyssal Knight began the quest for the
                  | Orb.
     0 | Abyss:1  | Reached XP level 1. HP: 10/10 MP: 3/3
     0 | Abyss:1  | magus.rc [v1.9.10]
    18 | D:1      | You pass through the gate.
    18 | D:1      | Escaped the Abyss
   117 | D:1      | HP: 2/10 [constriction (1)]
   131 | D:1      | Mangled by a gnoll

Vanquished Creatures
  A dart slug (D:1)
  2 ball pythons (D:1)
  A hobgoblin (D:1)
4 creatures vanquished.

Table legend:
 A = Non-vault XP
 B = Vault XP
 C = Vault XP percentage of total XP
 D = Non-vault monster count
 E = Vault monster count
 F = Vault count percentage of total count
                 A         B        C        D         E       F
            +---------+---------+-------+---------+---------+-------
      Total |      10 |       0 |   0.0 |       4 |       0 |   0.0
            +---------+---------+-------+---------+---------+-------
        D:1 |      10 |       0 |   0.0 |       4 |       0 |   0.0
            +---------+---------+-------+---------+---------+-------

Illustrated notes

Table legend:
 A = Kills in this place as a percentage of kills in entire the game.
 B = Kills by you in this place as a percentage of kills by you in the entire game.
 C = Kills by friends in this place as a percentage of kills by friends in the entire game.
 D = Other kills in this place as a percentage of other kills in the entire game.
 E = Experience gained in this place as a percentage of experience gained in the entire game.
 F = Experience gained in this place divided by the number of levels of this place that you have seen.
                   A       B       C       D       E      F
               +-------+-------+-------+-------+-------+----------------------
         Total | 100.0 | 100.0 |   N/A |   N/A | 100.0 |   5.0
       Dungeon | 100.0 | 100.0 |   N/A |   N/A | 100.0 |  10.0
               +-------+-------+-------+-------+-------+----------------------

Table legend: (Time is in decaauts)
 A = Elapsed time spent in this place.
 B = Non-inter-level travel time spent in this place.
 C = Inter-level travel time spent in this place.
 D = Time resting spent in this place.
 E = Time spent auto-exploring this place.
 F = Levels seen in this place.
 G = Mean time per level.
                   A        B        C        D        E       F      G
               +--------+--------+--------+--------+--------+-----+--------+
         Total |    108 |    108 |      0 |      0 |     78 |   2 |   54.0 |
       Dungeon |     92 |     92 |      0 |      0 |     68 |   1 |   92.0 |
         Abyss |     16 |     16 |      0 |      0 |      9 |   1 |   16.0 |
               +--------+--------+--------+--------+--------+-----+--------+

Top non-repeatable levels by time:
     D:1: 92 daAuts
 Abyss:1: 16 daAuts
